[Event "ICC tourney 1900 (45 10)"]
[Site "Internet Chess Club"]
[Date "2020.07.04"]
[Round "1"]
[White "drberkley"]
[Black "peekaboopenguin"]
[Result "1-0"]
[ICCResult "Black resigns"]
[WhiteElo "1456"]
[BlackElo "1194"]
[Opening "Sicilian: closed"]
[ECO "B23"]
[NIC "SI.44"]
[Time "11:07:33"]
[TimeControl "2700+10"]

1. e4 c5 2. Nc3 e6 3. f4 d5 4. Bb5+ Nc6 5. Nf3 Nf6 6. e5 Nd7 7. O-O Be7 8.
Bxc6 bxc6 9. d3 O-O 10. Ne2 Bb7 11. c4 Nb6 12. b3 Qc7 13. Qc2 Rfd8 14. Be3
a5 15. a4 Rab8 16. Rad1 f6 17. Ng3 Rf8 18. Rde1 Bc8 19. Bd2 Nd7 20. exf6
Nxf6 21. Ne5 Nd7 22. Bc3 d4 23. Bxa5 Qxa5 24. Nxc6 Qc7 25. Nxe7+ Kh8 26.
Nxc8 Qxc8 27. Rxe6 Nf6 28. Re2 Ng4 29. Qa2 Ne3 30. Rf3 Qb7 31. Ne4 Qb4 32.
a5 h5 33. h3 Ra8 34. a6 Qb6 35. Qa3 Rfc8 36. Ra2 Rc6 37. f5 Qd8 38. Nxc5 Qh4
39. Ra1 Nc2 40. Qa4 Rxc5 41. Ra2 Ne3 42. Qd7 Qe1+ 43. Kh2 Nf1+ 44. Rxf1 Qxf1
45. Qb7 Rcc8 46. a7 Qxf5 47. b4 Rf8 48. b5 Qxd3 49. Qd5 Rfd8 50. Qxh5+ Qh7
51. Qxh7+ Kxh7 52. b6 Rd7 53. c5 d3 54. c6 d2 55. Rxd2 Rxd2 56. b7 Rdd8 57.
c7 Rdc8 58. b8=Q Raxb8 59. cxb8=Q Rxb8 60. axb8=Q {Black resigns} 1-0

[Event "ICC tourney 1900 (45 10)"]
[Site "Internet Chess Club"]
[Date "2020.07.04"]
[Round "1"]
[White "Chessplayer44"]
[Black "checkninja"]
[Result "1/2-1/2"]
[ICCResult "Game drawn by repetition"]
[WhiteElo "1313"]
[BlackElo "1374"]
[Opening "Queen's pawn: stonewall attack"]
[ECO "A45"]
[NIC "QP.07"]
[Time "11:07:28"]
[TimeControl "2700+10"]

1. d4 Nf6 2. e3 d5 3. Bd3 e6 4. Nd2 c5 5. c3 b6 6. f4 Be7 7. Ngf3 Nbd7 8.
O-O O-O 9. Ne5 Bb7 10. Qf3 g6 11. g4 Nxe5 12. fxe5 Ne8 13. Qg2 f6 14. exf6
Bxf6 15. Nf3 Nd6 16. Bd2 Ne4 17. Be1 Bg5 18. Nxg5 Qxg5 19. Rxf8+ Rxf8 20.
Qh3 Nf6 21. Be2 Ne4 22. Bd3 Qf6 23. Be2 e5 24. Bh4 g5 25. Rf1 Qg7 26. Rxf8+
Kxf8 27. Qf1+ Ke7 28. Bf2 Qf6 29. dxe5 Qxe5 30. Be1 Qf6 31. Qxf6+ Nxf6 32.
Bg3 Bc8 33. h3 a6 34. Bc7 b5 35. Kg2 c4 36. Bb6 Kf7 37. b3 cxb3 38. axb3 Ne4
39. Bd4 Nd2 40. Bd1 Bd7 41. Bc2 a5 42. Kf2 a4 43. bxa4 bxa4 44. Ke2 Nc4 45.
Bb1 a3 46. Ba2 Bb5 47. Kd1 Kg6 48. Bb1+ Kf7 49. Ba2 Kg6 50. Bb1+ Kf7 51. Ba2
Kg6 {Game drawn by repetition} 1/2-1/2

[Event "ICC tourney 1900 (45 10)"]
[Site "Internet Chess Club"]
[Date "2020.07.04"]
[Round "1"]
[White "chessKingT"]
[Black "rkanury1"]
[Result "1-0"]
[ICCResult "Black resigns"]
[WhiteElo "1425"]
[BlackElo "1283"]
[Opening "Sicilian: Nimzovich-Rossolimo attack (with ...g6, without ...d6)"]
[ECO "B31"]
[NIC "SI.31"]
[Time "11:07:28"]
[TimeControl "2700+10"]

1. e4 c5 2. Nf3 Nc6 3. Bb5 g6 4. Bxc6 bxc6 5. O-O Bg7 6. Re1 Nf6 7. e5 Nd5
8. c4 Nc7 9. d4 cxd4 10. Nxd4 O-O 11. b3 c5 12. Nf3 d6 13. Bb2 Bb7 14. Qe2
Re8 15. Nbd2 Qd7 16. Ne4 Rad8 17. Rad1 Qc6 18. Nc3 dxe5 19. Nb5 a6 20. Nxc7
Qxc7 21. Nxe5 Rxd1 22. Rxd1 Rd8 23. Nd3 Bxb2 24. Nxb2 Rxd1+ 25. Qxd1 Qc6 26.
f3 Qf6 27. Qe2 Qd4+ 28. Kf1 e5 29. Nd3 e4 30. fxe4 Bxe4 31. Nxc5 Bxg2+ 32.
Qxg2 Qxc5 33. Qa8+ Kg7 34. Qxa6 Qf5+ 35. Ke2 Qe5+ 36. Kd3 Qxh2 37. Kc3 Qg3+
38. Kb4 Qe1+ 39. Kb5 Qe5+ 40. c5 h5 41. Qd6 Qe8+ 42. c6 Qe2+ 43. Kb6 Qe3+
44. Kb7 Qe4 45. Kb8 Qe8+ 46. Kb7 Qe4 47. Kb6 Qe3+ 48. Qc5 Qe6 49. Kb7 Qe4
50. Ka6 Qe6 51. Qb6 Qe2+ 52. Kb7 Qe4 53. Ka7 Qe7+ 54. c7 Qa3+ 55. Kb8 Qxa2
56. c8=Q Qh2+ 57. Qcc7 Qf2 {Black resigns} 1-0

[Event "ICC tourney 1900 (45 10)"]
[Site "Internet Chess Club"]
[Date "2020.07.04"]
[Round "1"]
[White "Quinlandia"]
[Black "Averyyu321"]
[Result "1-0"]
[ICCResult "Black checkmated"]
[WhiteElo "1197"]
[BlackElo "1198"]
[Opening "Queen's pawn, Mason variation"]
[ECO "D00"]
[NIC "QP.08"]
[Time "11:07:22"]
[TimeControl "2700+10"]

1. d4 d5 2. Bf4 Nf6 3. e3 e6 4. Nf3 Be7 5. h3 c5 6. c3 Nc6 7. Nbd2 O-O 8.
Bd3 a6 9. a4 b6 10. O-O h6 11. Qe2 Bd6 12. Bxd6 Qxd6 13. Rfd1 e5 14. e4 Re8
15. dxe5 Nxe5 16. Nxe5 Qxe5 17. Nf3 Qe7 18. e5 Nd7 19. Re1 Nf8 20. c4 d4 21.
Be4 Ra7 22. b4 Ne6 23. b5 a5 24. Bc2 Nf4 25. Qe4 Ng6 26. Qc6 Qe6 27. Qd5 Ne7
28. Qxe6 Bxe6 29. Nd2 Rd7 30. Ra3 Bf5 31. Bxf5 Nxf5 32. g4 Ne7 33. f4 Ng6
34. Re4 Rde7 35. Nf3 f6 36. e6 Nf8 37. f5 g6 38. Nh4 g5 39. Nf3 Nxe6 40.
Rxe6 Rxe6 41. fxe6 Rxe6 42. Kf2 Kf7 43. Ra1 Kg6 44. Re1 Rd6 45. Re8 Kf7 46.
Rb8 Ke7 47. Rh8 Kf7 48. Rxh6 Kg7 49. Rh5 Rd8 50. h4 gxh4 51. Rxh4 Kg6 52.
Rh1 Rf8 53. Kg3 Kg7 54. Kf4 Re8 55. Re1 Rxe1 56. Nxe1 Kf7 57. Ke4 Ke6 58.
Ng2 Ke7 59. Nf4 Kd6 60. Nd5 Ke6 61. Nxb6 Kd6 62. Nd5 Ke6 63. b6 Kd6 64. b7
f5+ 65. gxf5 Kc6 66. b8=Q Kd7 67. Qc7+ Ke8 68. Qe7# {Black checkmated} 1-0

[Event "ICC tourney 1900 (45 10)"]
[Site "Internet Chess Club"]
[Date "2020.07.04"]
[Round "1"]
[White "kralj8"]
[Black "KnightHopper"]
[Result "1-0"]
[ICCResult "Black checkmated"]
[WhiteElo "1727"]
[BlackElo "1846"]
[Opening "Sicilian: closed, 2...Nc6"]
[ECO "B23"]
[NIC "SI.44"]
[Time "11:09:08"]
[TimeControl "2700+10"]

1. e4 c5 2. Nc3 Nc6 3. Bb5 Nd4 4. Bc4 e6 5. Nge2 Ne7 6. O-O g6 7. d3 Bg7 8.
Nxd4 cxd4 9. Ne2 d5 10. exd5 Nxd5 11. Nf4 O-O 12. Re1 a6 13. Qf3 Nb4 14. Bb3
Qc7 15. Qd1 Rd8 16. Bd2 Nd5 17. Qf3 Ne7 18. Rac1 Bd7 19. c3 Bc6 20. Qh3 Nd5
21. Nxd5 Bxd5 22. Bxd5 Rxd5 23. c4 Rh5 24. Qg3 Be5 25. f4 Bf6 26. Qf3 Rc5
27. b4 Rc6 28. a4 Qd7 29. b5 axb5 30. axb5 Rcc8 31. Ra1 Qc7 32. Reb1 Be7 33.
Qd1 e5 34. fxe5 Qxe5 35. Qf3 Bd6 36. g3 Rab8 37. Re1 Qg7 38. Ra7 Rc7 39. b6
Rd7 40. Rea1 Bc5 41. Ra8 Qf8 42. Rxb8 Qxb8 43. Bh6 f5 44. Rb1 Qd8 45. Qe2
Re7 46. Bg5 Qxb6 47. Qd1 Qc6 48. Bxe7 Bxe7 49. Qe2 Bg5 50. Qg2 Be3+ 51. Kh1
Qa4 52. Qxb7 Qc2 53. Qb3 Qe2 54. c5+ Kg7 55. Qd1 Qa2 56. Rb7+ Kh6 57. Qf3
Qa1+ 58. Kg2 Qg1+ 59. Kh3 f4 60. c6 fxg3 61. hxg3 Qc1 62. c7 g5 63. Rb6+ Kg7
64. Qf6+ Kg8 65. Rb8# {Black checkmated} 1-0

[Event "ICC tourney 1900 (45 10)"]
[Site "Internet Chess Club"]
[Date "2020.07.04"]
[Round "1"]
[White "msk2018"]
[Black "Singireddy"]
[Result "0-1"]
[ICCResult "White checkmated"]
[WhiteElo "1744"]
[BlackElo "1617"]
[Opening "Queen's pawn: London system"]
[ECO "A45"]
[NIC "QP.07"]
[Time "11:07:27"]
[TimeControl "2700+10"]

1. d4 Nf6 2. Bf4 g6 3. e3 Bg7 4. h3 d6 5. Nf3 O-O 6. c3 Nbd7 7. Bd3 Re8 8.
Bg3 e5 9. dxe5 dxe5 10. Bc4 Qe7 11. Ng5 Rf8 12. O-O h6 13. Nf3 Ne4 14. Bh2
Nd6 15. Bd5 Nb6 16. Bb3 Be6 17. Bxe6 Qxe6 18. Nbd2 Rad8 19. Qe2 Rd7 20. Nb3
Na4 21. Rfd1 c5 22. Na5 Rc8 23. Qc2 b5 24. c4 e4 25. Rxd6 Rxd6 26. Bxd6 exf3
27. Bg3 fxg2 28. cxb5 Qxh3 29. Bh2 Be5 30. f4 Qxe3+ 31. Kxg2 Rd8 32. Nc4 Qd4
33. fxe5 Qg4+ 34. Bg3 Rd4 35. Ne3 Qg5 36. Re1 h5 37. Kh2 h4 38. Bf2 Qf4+ 39.
Kg1 h3 40. Ng2 hxg2 41. Bxd4 Qxd4+ 42. Qf2 Nxb2 43. Qxd4 cxd4 44. Rb1 Nc4
45. Rd1 Nxe5 46. Kxg2 d3 47. a4 Kf8 48. Kf2 Ke7 49. Ke3 Kd6 50. Ke4 f6 51.
Kd4 g5 52. a5 g4 53. b6 axb6 54. axb6 Kc6 55. Rb1 Kb7 56. Rf1 d2 57. Ke3 Nf3
58. Ke2 Kxb6 59. Kd1 Kc5 60. Ke2 Kd4 61. Kd1 Ke3 62. Kc2 g3 63. Ra1 g2 64.
Ra3+ Kf2 65. Rxf3+ Kxf3 66. Kxd2 g1=Q 67. Kc3 Qd1 68. Kb4 Kg3 69. Ka5 Qb1
70. Ka6 Kf4 71. Ka7 Ke5 72. Ka8 Kd6 73. Ka7 Kc7 74. Ka6 Qb6# {White
checkmated} 0-1

[Event "ICC tourney 1900 (45 10)"]
[Site "Internet Chess Club"]
[Date "2020.07.04"]
[Round "1"]
[White "BTyrrell"]
[Black "duckmaster07"]
[Result "0-1"]
[ICCResult "White resigns"]
[WhiteElo "1303"]
[BlackElo "1467"]
[Opening "R?ti: King's Indian attack"]
[ECO "A08"]
[NIC "QP.09"]
[Time "11:07:33"]
[TimeControl "2700+10"]

1. Nf3 d5 2. g3 c5 3. Bg2 Nc6 4. O-O Nf6 5. d3 e5 6. e4 d4 7. a4 Be6 8. Na3
Be7 9. Ne1 O-O 10. f4 Ne8 11. f5 Bd7 12. Nc4 f6 13. Nf3 Nd6 14. Nxd6 Bxd6
15. g4 h6 16. h4 Be7 17. h5 Be8 18. Nh4 Bf7 19. Ng6 Re8 20. Bd2 Rc8 21. Qc1
Bf8 22. Nxf8 Kxf8 23. Bxh6 gxh6 24. Qxh6+ Ke7 25. g5 Qd6 26. g6 Bg8 27. Qd2
Kd8 28. h6 Rc7 29. h7 Bxh7 30. gxh7 Rxh7 31. Kf2 Rg8 32. Rh1 Rhg7 33. Bf3
Qf8 34. Rag1 Rxg1 35. Rxg1 Rxg1 36. Kxg1 Qg7+ 37. Qg2 Qxg2+ 38. Kxg2 Nb4 39.
Bd1 Ke7 40. Kh3 Kf7 41. Kg4 Kg7 42. Kh5 b6 43. Kg4 Kh6 44. Kh4 a6 45. Kg4 b5
46. axb5 axb5 47. b3 Na6 48. Kh4 Nc7 49. Kg4 Ne8 50. Kh4 Ng7 51. Bg4 Kh7 52.
Bh5 Kg8 53. Bd1 Kf7 54. Kg3 Ke7 55. Kf2 Kd6 56. Ke1 Kc6 57. Kd2 Kb6 58. Kc1
Ka5 59. Kb2 Kb4 60. Be2 Ne8 61. Kc1 Kc3 62. Bf1 Nd6 63. Be2 Nb7 64. Bh5 Nd8
65. Be2 Nc6 66. Bh5 Nb4 67. Bd1 Na6 68. Bh5 Nc7 69. Bf7 Na8 70. Bd5 Nb6 71.
Bc6 Kb4 72. Kb2 c4 73. Be8 cxb3 74. cxb3 Nc8 75. Bc6 Nd6 76. Bd5 Ne8 77. Bf7
Nc7 78. Bg8 Na6 79. Kc2 Nc5 80. Bd5 Ka3 81. Be6 Na6 82. Bd5 Nb4+ 83. Kd2 Kb2
84. Be6 Na6 85. Bd7 b4 86. Ba4 Nc5 87. Bb5 Nxb3+ 88. Ke2 Kc3 89. Kf3 Nc1 90.
Ba4 Nxd3 91. Kg4 Nf4 92. Bd1 b3 93. Bxb3 Kxb3 94. Kf3 Kc2 95. Kf2 d3 96. Ke1
d2+ {White resigns} 0-1

[Event "ICC tourney 1900 (45 10)"]
[Site "Internet Chess Club"]
[Date "2020.07.04"]
[Round "2"]
[White "AHSRULES"]
[Black "Erky"]
[Result "1-0"]
[ICCResult "Black checkmated"]
[WhiteElo "1497"]
[BlackElo "1359"]
[Opening "Sicilian: Najdorf, 6.Bg5"]
[ECO "B94"]
[NIC "SI.04"]
[Time "13:31:37"]
[TimeControl "2700+10"]

1. e4 c5 2. Nf3 d6 3. d4 cxd4 4. Nxd4 Nf6 5. Nc3 a6 6. Bg5 Nbd7 7. Bc4 e6 8.
f4 Be7 9. Bxe6 fxe6 10. Nxe6 Qa5 11. Nxg7+ Kf7 12. Nf5 Bf8 13. Qf3 h6 14.
Bh4 d5 15. e5 Ne4 16. Qh5+ Ke6 17. Nd4# {Black checkmated} 1-0

[Event "ICC tourney 1900 (45 10)"]
[Site "Internet Chess Club"]
[Date "2020.07.04"]
[Round "2"]
[White "Kausy"]
[Black "harkerchess"]
[Result "0-1"]
[ICCResult "White checkmated"]
[WhiteElo "1702"]
[BlackElo "1462"]
[Opening "Giuoco Piano"]
[ECO "C50"]
[NIC "IG.02"]
[Time "13:31:12"]
[TimeControl "2700+10"]

1. e4 e5 2. Nf3 Nc6 3. Bc4 Bc5 4. O-O Nf6 5. d3 d6 6. c3 Be6 7. Bb3 Bg4 8.
Nbd2 O-O 9. Re1 Bb6 10. Nf1 Ne7 11. Be3 Ng6 12. Ng3 Qd7 13. Bg5 Nh5 14. Nxh5
Bxh5 15. Nxe5 Nxe5 16. Qxh5 Nxd3 17. Re2 Qb5 18. Qg4 Ne5 19. Qh5 g6 20. Qh6
Qxe2 21. Bf6 Qxf2+ 22. Kh1 Qxf6 23. Qd2 Ng4 24. h3 Qh4 25. Rf1 Qg3 26. Qf4
Qxf4 27. Rxf4 Ne5 28. Bd5 c6 29. Bb3 Be3 30. Rf1 a5 31. Re1 Bh6 32. Rd1 Rfd8
33. c4 a4 34. Bc2 Nxc4 35. b3 axb3 36. Bxb3 Ne3 37. Rd3 c5 38. Rc3 c4 39.
Bxc4 Rac8 40. Bxf7+ Kxf7 41. Rb3 Bf4 42. g3 Rc1+ 43. Kh2 Nf1+ 44. Kg2 Nxg3
45. Rxb7+ Kg8 46. Kf3 Rf1+ 47. Kg4 h5+ 48. Kh4 g5# {White checkmated} 0-1

[Event "ICC tourney 1900 (45 10)"]
[Site "Internet Chess Club"]
[Date "2020.07.04"]
[Round "2"]
[White "brilliantnessme"]
[Black "prnavneet"]
[Result "1-0"]
[ICCResult "Black checkmated"]
[WhiteElo "1565"]
[BlackElo "1475"]
[Opening "Sicilian: Richter-Rauzer, Larsen variation, 7.Qd2"]
[ECO "B61"]
[NIC "SI.27"]
[Time "13:31:00"]
[TimeControl "2700+10"]

1. e4 c5 2. Nf3 Nc6 3. d4 cxd4 4. Nxd4 Nf6 5. Nc3 d6 6. Bg5 Bd7 7. Qd2 Rc8
8. O-O-O Nxd4 9. Qxd4 Rxc3 10. Bxf6 Rc8 11. Bxg7 e5 12. Bxe5 Qc7 13. Bc4
dxe5 14. Bxf7+ Ke7 15. Qd3 Bb5 16. Qb3 Kf6 17. Qe6+ Kg7 18. c3 Ba4 19. Rd3
Ra8 20. Rg3# {Black checkmated} 1-0

[Event "ICC tourney 1900 (45 10)"]
[Site "Internet Chess Club"]
[Date "2020.07.04"]
[Round "2"]
[White "liguowh"]
[Black "kralj8"]
[Result "1-0"]
[ICCResult "Black checkmated"]
[WhiteElo "1701"]
[BlackElo "1708"]
[Opening "Ruy Lopez: fianchetto (Smyslov/Barnes) defense"]
[ECO "C60"]
[NIC "RL.03"]
[Time "13:30:50"]
[TimeControl "2700+10"]

1. e4 e5 2. Nf3 Nc6 3. Bb5 g6 4. O-O Bg7 5. c3 a6 6. Bxc6 bxc6 7. d4 exd4 8.
cxd4 d6 9. Nc3 Ne7 10. Be3 O-O 11. Qd2 f5 12. e5 dxe5 13. dxe5 Qxd2 14. Bxd2
Nd5 15. Nxd5 cxd5 16. Rac1 Rb8 17. Rxc7 Rxb2 18. Rfc1 Be6 19. Re7 Bf7 20. e6
Be8 21. Rxg7+ Kxg7 22. Bc3+ Kg8 23. Bxb2 Bb5 24. Rc7 Rb8 25. Ng5 Bc4 26.
Rg7+ Kf8 27. Nxh7+ Ke8 28. Nf6+ Kd8 29. Rd7+ Kc8 30. e7 Rxb2 31. e8=Q#
{Black checkmated}
1-0

[Event "ICC tourney 1900 (45 10)"]
[Site "Internet Chess Club"]
[Date "2020.07.04"]
[Round "2"]
[White "playerlucky"]
[Black "JunlinTheWorld"]
[Result "0-1"]
[ICCResult "White resigns"]
[WhiteElo "1407"]
[BlackElo "1585"]
[Opening "Queen's pawn game"]
[ECO "A46"]
[NIC "QP.05"]
[Time "13:31:20"]
[TimeControl "2700+10"]

1. d4 Nf6 2. Nf3 e6 3. Bf4 b6 4. e3 Bb7 5. Bd3 c5 6. c3 Be7 7. Nbd2 cxd4 8.
exd4 O-O 9. Qe2 Nh5 10. Bg3 d6 11. O-O-O Nd7 12. Be4 Bxe4 13. Nxe4 d5 14.
Ned2 a6 15. Ne5 Nxe5 16. Bxe5 Nf6 17. g4 b5 18. Kb1 b4 19. Rc1 a5 20. h4 Nd7
21. Bg3 Qb6 22. Qd3 a4 23. cxb4 Bxb4 24. Bc7 Qb7 25. a3 Ba5 26. Bg3 Rfc8 27.
g5 Nb6 28. Rhd1 Bxd2 29. Rxc8+ Rxc8 30. Rxd2 Nc4 31. Rc2 Rc6 32. Ka2 Qb3+
33. Qxb3 axb3+ 34. Kxb3 Na5+ 35. Kb4 Rxc2 36. Kxa5 Rxb2 37. a4 f6 38. gxf6
gxf6 39. Ka6 e5 40. dxe5 d4 41. e6 d3 42. Bf4 Rxf2 43. Be3 Re2 44. Bf4 d2
45. Bxd2 Rxd2 46. a5 Kf8 47. Kb7 Ke7 48. a6 Kxe6 49. a7 Ra2 50. a8=Q Rxa8
51. Kxa8 f5 {White resigns} 0-1

[Event "ICC tourney 1900 (45 10)"]
[Site "Internet Chess Club"]
[Date "2020.07.04"]
[Round "2"]
[White "Kiwimonster31"]
[Black "KyleZhuang"]
[Result "0-1"]
[ICCResult "White resigns"]
[WhiteElo "1474"]
[BlackElo "1456"]
[Opening "Sicilian: dragon, 6.Be3"]
[ECO "B72"]
[NIC "SI.16"]
[Time "13:31:02"]
[TimeControl "2700+10"]

1. e4 c5 2. Nf3 d6 3. d4 cxd4 4. Nxd4 Nf6 5. Nc3 g6 6. Be3 Bg7 7. Qd2 Ng4 8.
O-O-O Nxe3 9. Qxe3 Nc6 10. Bb5 Bd7 11. Nde2 O-O 12. a3 a6 13. Bc4 b5 14. Bb3
Na5 15. Ba2 Rb8 16. Nd5 Nc4 17. Bxc4 bxc4 18. Nec3 e6 19. Nb4 a5 20. Nba2
Qc7 21. f4 Qb7 22. Rxd6 Qxb2+ 23. Kd2 Rfd8 24. Rb1 Qxa3 25. Rxb8 Qxd6+
{White resigns}
0-1

[Event "ICC tourney 1900 (45 10)"]
[Site "Internet Chess Club"]
[Date "2020.07.04"]
[Round "2"]
[White "vikram251107"]
[Black "Chessraf"]
[Result "0-1"]
[ICCResult "White resigns"]
[WhiteElo "1467"]
[BlackElo "1620"]
[Opening "Ruy Lopez: open (Tarrasch) defense"]
[ECO "C80"]
[NIC "RL.27"]
[Time "13:31:00"]
[TimeControl "2700+10"]

1. e4 e5 2. Nf3 Nc6 3. Bb5 a6 4. Ba4 Nf6 5. O-O Nxe4 6. Re1 Nc5 7. Bxc6 dxc6
8. d4 Ne6 9. Nxe5 Bd6 10. f4 O-O 11. c3 Re8 12. Be3 c5 13. Nd2 cxd4 14. cxd4
Bb4 15. Nef3 b5 16. f5 Nf8 17. Bg5 Rxe1+ 18. Qxe1 Qd5 19. f6 Ne6 20. Bh4 Bb7
21. Qf2 g5 22. Bg3 g4 23. Ne5 Nxd4 24. Nxg4 Nc2 25. Nf1 Bc5 26. Nfe3 Nxe3
27. Nh6+ Kf8 28. Rc1 Nc4 29. Qxc5+ Qxc5+ 30. Bf2 Qd5 {White resigns} 0-1

[Event "ICC tourney 1900 (45 10)"]
[Site "Internet Chess Club"]
[Date "2020.07.04"]
[Round "2"]
[White "ruitang"]
[Black "flybamboo"]
[Result "1-0"]
[ICCResult "Black resigns"]
[WhiteElo "1465"]
[BlackElo "1264"]
[Opening "French: Tarrasch, open, 4.ed ed"]
[ECO "C08"]
[NIC "FR.20"]
[Time "13:31:15"]
[TimeControl "2700+10"]

1. e4 e6 2. d4 d5 3. Nd2 c5 4. exd5 exd5 5. Bb5+ Nc6 6. Ngf3 Nf6 7. O-O Be7
8. dxc5 Bxc5 9. Nb3 Bb6 10. Re1+ Be6 11. Nfd4 Qd7 12. Nxe6 fxe6 13. Be3 O-O
14. Bxb6 axb6 15. c4 d4 16. Bxc6 bxc6 17. Qxd4 Qc7 18. Qe5 Qxe5 19. Rxe5
Rae8 20. f3 Nd7 21. Re3 c5 22. a4 Rf4 23. Nd2 Rd4 24. Ne4 Ra8 25. b3 e5 26.
Nf2 h5 27. Rae1 g6 28. Nd3 Re8 29. Nxe5 Nxe5 30. Rxe5 Rxe5 31. Rxe5 Rd3 32.
a5 Rxb3 33. axb6 Rxb6 34. Rxc5 Rb1+ 35. Kf2 Rb2+ 36. Kg3 Kg7 37. Rb5 Rc2 38.
c5 Kh6 39. Kf4 Rxg2 40. c6 Rc2 41. Rb6 Rxh2 42. Ke5 Rc2 43. Kd6 Rd2+ 44. Kc7
h4 45. Rb4 Kh5 46. Kb7 Re2 47. c7 Re7 48. Kb8 Re8+ 49. c8=Q Rxc8+ 50. Kxc8
h3 51. Rb7 Kh4 52. Rh7+ Kg3 53. Kd7 h2 54. Ke6 Kg2 55. Kf6 h1=Q 56. Rxh1
Kxh1 57. Kxg6 Kg2 58. f4 Kf3 59. f5 Ke4 60. f6 Ke5 61. Kg7 Ke6 62. f7 Kd7
63. f8=Q {Black resigns} 1-0

[Event "ICC tourney 1900 (45 10)"]
[Site "Internet Chess Club"]
[Date "2020.07.04"]
[Round "2"]
[White "saanvichess"]
[Black "capetarget"]
[Result "0-1"]
[ICCResult "White resigns"]
[WhiteElo "1230"]
[BlackElo "1307"]
[Opening "Scotch gambit: Dubois-R?ti defense"]
[ECO "C55"]
[NIC "KP.02"]
[Time "13:31:10"]
[TimeControl "2700+10"]

1. e4 e5 2. Nf3 Nc6 3. d4 exd4 4. Bc4 Nf6 5. e5 d5 6. Bb5 Ne4 7. Nxd4 Bd7 8.
Bxc6 bxc6 9. O-O Be7 10. Qf3 O-O 11. Nc3 Nc5 12. Bf4 Ne6 13. Nf5 Nxf4 14.
Nxe7+ Qxe7 15. Qxf4 Rfe8 16. Rfe1 f6 17. e6 Bxe6 18. Re2 Qd7 19. Rae1 Bf7
20. h3 Rxe2 21. Rxe2 Re8 22. Rxe8+ Bxe8 23. Qd4 Qe7 24. Qxa7 Qe1+ 25. Kh2
Qe5+ 26. Kg1 d4 27. Na4 Qe1+ 28. Kh2 Qxf2 29. Qxc7 Qxc2 30. Qe7 Qg6 31. Qe6+
Qf7 32. Qe4 Qc7+ 33. Kh1 Qe5 34. Qd3 Bf7 35. a3 h6 36. Nb6 Qe3 37. Qc2 d3
38. Qc3 Qxb6 39. Qxd3 Qxb2 40. Qd8+ Kh7 41. Qd3+ Bg6 42. Qa6 c5 43. a4 Qc1+
44. Kh2 c4 45. a5 c3 46. Qc6 c2 47. a6 Qf4+ 48. Kg1 c1=Q+ 49. Qxc1 Qxc1+ 50.
Kh2 Qc7+ 51. Kg1 Qa7+ 52. Kh2 Qxa6 {White resigns} 0-1

[Event "ICC tourney 1900 (45 10)"]
[Site "Internet Chess Club"]
[Date "2020.07.04"]
[Round "2"]
[White "KnightHopper"]
[Black "Froild"]
[Result "1/2-1/2"]
[ICCResult "Game drawn by repetition"]
[WhiteElo "1844"]
[BlackElo "1425"]
[Opening "Sicilian: Smith-Morra gambit"]
[ECO "B21"]
[NIC "SI.48"]
[Time "13:30:41"]
[TimeControl "2700+10"]

1. e4 c5 2. d4 cxd4 3. c3 dxc3 4. Nxc3 e6 5. Nf3 Nc6 6. Bc4 a6 7. O-O b5 8.
Bb3 Bb7 9. Re1 Bc5 10. Nd5 exd5 11. exd5+ Nce7 12. d6 Qb6 13. dxe7 Bxf2+ 14.
Kh1 Bxe1 15. Qxe1 Bxf3 16. gxf3 Qf6 17. Qe4 Rc8 18. Bf4 Nxe7 19. Rg1 Rc5 20.
Bg5 Rxg5 21. Qa8+ Nc8 22. Qxc8+ Ke7 23. Re1+ Re5 24. Rxe5+ Qxe5 25. Qxh8
Qe1+ 26. Kg2 Qe2+ 27. Kg3 Qe1+ 28. Kf4 Qd2+ 29. Kg4 Qg2+ 30. Kf4 Qxh2+ 31.
Ke3 Qg1+ 32. Kd2 Qf2+ 33. Kc3 Qxf3+ 34. Kb4 Qf4+ 35. Ka5 Qc7+ 36. Kxa6 Qc6+
37. Ka7 Qc7+ 38. Ka8 Qc6+ 39. Ka7 Qc7+ 40. Ka6 Qc6+ 41. Ka5 Qc7+ 42. Kxb5
Qc6+ 43. Kb4 Qb6+ 44. Kc3 Qe3+ 45. Kb4 Qb6+ 46. Ka3 Qc5+ 47. Ka4 Qc6+ 48.
Kb4 Qb6+ 49. Kc4 Qc6+ 50. Kd4 Qb6+ 51. Kd3 Qg6+ 52. Kd2 Qg2+ 53. Kc1 Qg5+
54. Kc2 Qg2+ 55. Kc3 Qf3+ 56. Kb4 Qb7+ 57. Ka3 Qa7+ 58. Ba4 Qc5+ 59. b4 Qc1+
60. Kb3 Qd1+ 61. Ka3 Qc1+ 62. Kb3 Qd1+ 63. Ka3 Qc1+ 64. Kb3 Qd1+ 65. Ka3
Qc1+ {Game drawn by repetition} 1/2-1/2

[Event "ICC tourney 1900 (45 10)"]
[Site "Internet Chess Club"]
[Date "2020.07.04"]
[Round "2"]
[White "chessfirelord"]
[Black "Joshua1"]
[Result "0-1"]
[ICCResult "White resigns"]
[WhiteElo "1281"]
[BlackElo "1556"]
[Opening "QGD semi-Slav"]
[ECO "D43"]
[NIC "SL.03"]
[Time "13:30:45"]
[TimeControl "2700+10"]

1. d4 d5 2. c4 c6 3. Nf3 Nf6 4. Nc3 e6 5. Bg5 Be7 6. e3 O-O 7. Bd3 Nbd7 8.
O-O h6 9. Bf4 dxc4 10. Bxc4 b5 11. Bd3 Bb7 12. a3 a5 13. Qe2 b4 14. axb4
axb4 15. Na4 c5 16. dxc5 Nxc5 17. Nxc5 Bxc5 18. Rxa8 Qxa8 19. Rc1 Bb6 20.
Bd6 Bxf3 21. gxf3 Rd8 22. Bxb4 Qd5 23. Rd1 Qg5+ 24. Kh1 Qh4 25. Bc3 Bc7 26.
f4 Ng4 27. f3 Nf2+ 28. Kg1 Nxd1 29. Qxd1 Bb6 30. Qe2 Qxf4 {White resigns}
0-1

[Event "ICC tourney 1900 (45 10)"]
[Site "Internet Chess Club"]
[Date "2020.07.04"]
[Round "2"]
[White "aarushnaveen"]
[Black "boredbanker"]
[Result "1-0"]
[ICCResult "Black resigns"]
[WhiteElo "1495"]
[BlackElo "1395"]
[Opening "Sicilian: Kan, 5.Nc3"]
[ECO "B43"]
[NIC "SI.41"]
[Time "13:31:14"]
[TimeControl "2700+10"]

1. e4 c5 2. Nf3 e6 3. d4 cxd4 4. Nxd4 a6 5. Nc3 Qc7 6. Bd3 Nf6 7. O-O Bc5 8.
Nb3 Be7 9. f4 d6 10. Qf3 Nbd7 11. Bd2 b5 12. Rae1 Bb7 13. a3 O-O 14. Qg3 Nh5
15. Qh3 g6 16. f5 exf5 17. exf5 Ne5 18. Be2 Nf6 19. Nd4 Qd7 20. Bg5 Ne4 21.
Nxe4 Bxe4 22. Bxe7 Qxe7 23. f6 Qa7 24. Qh6 Qxd4+ 25. Kh1 Bxg2+ 26. Kxg2 Qe4+
27. Bf3 Qxc2+ 28. Re2 {Black resigns} 1-0

[Event "ICC tourney 1900 (45 10)"]
[Site "Internet Chess Club"]
[Date "2020.07.04"]
[Round "2"]
[White "duckmaster07"]
[Black "Almanac2050"]
[Result "0-1"]
[ICCResult "White resigns"]
[WhiteElo "1448"]
[BlackElo "1650"]
[Opening "French: classical, Steinitz variation"]
[ECO "C14"]
[NIC "FR.06"]
[Time "13:31:18"]
[TimeControl "2700+10"]

1. e4 e6 2. d4 d5 3. Nc3 Nf6 4. Bg5 Be7 5. e5 Nfd7 6. Bxe7 Qxe7 7. f4 a6 8.
Nf3 c5 9. Be2 Nc6 10. f5 cxd4 11. Nxd4 Qh4+ 12. g3 Qxd4 13. Qxd4 Nxd4 14.
fxe6 fxe6 15. O-O Nxe2+ 16. Nxe2 Nxe5 17. Nd4 Ke7 18. Rae1 Nc6 19. Nf5+ Kd7
20. Nxg7 Kd6 21. Rf6 Bd7 22. Nxe6 Bxe6 23. Rexe6+ Kd7 24. Rd6+ Kc7 25. Rxd5
Raf8 26. Rfd6 Re8 27. Rd7+ Kb6 28. c4 Rd8 29. c5+ Ka7 30. Kf2 Kb8 31. Ke3
Kc8 32. R7d6 Rxd6 33. cxd6 Kd7 34. a3 Ke6 35. Rd2 Rd8 36. d7 Rxd7 37. Rxd7
Kxd7 38. Ke4 Ke6 39. g4 Ne7 40. h4 Ng6 41. h5 Nf8 42. g5 Nd7 43. b4 Ne5 44.
a4 Nc6 45. h6 Ne7 46. b5 axb5 47. axb5 Kf7 48. Ke5 Nc8 49. Ke4 Nd6+ 50. Ke5
Nxb5 51. Kd5 Kg6 52. Kc5 Kxg5 53. Kxb5 Kxh6 54. Kb6 Kg5 55. Kxb7 h5 56. Kc6
h4 57. Kd5 h3 58. Ke4 h2 59. Kf3 h1=Q+ {White resigns} 0-1

[Event "ICC tourney 1900 (45 10)"]
[Site "Internet Chess Club"]
[Date "2020.07.04"]
[Round "2"]
[White "runtilmorrow1"]
[Black "dendy"]
[Result "1-0"]
[ICCResult "Black resigns"]
[WhiteElo "1516"]
[BlackElo "1270"]
[Opening "Caro-Masi defense"]
[ECO "B12"]
[NIC "CK.01"]
[Time "13:31:37"]
[TimeControl "2700+10"]

1. e4 c6 2. d4 Nf6 3. Bd3 h5 4. Ne2 e5 5. dxe5 Ng4 6. f4 Bc5 7. Ng3 Qh4 8.
Qf3 Nxh2 9. Rxh2 Qxh2 10. Nc3 d6 11. Nf5 g6 12. Nxd6+ Bxd6 13. exd6 Bg4 14.
Qf2 Nd7 15. Be3 O-O-O 16. Bxa7 g5 17. Na4 gxf4 18. Qb6 Qg3+ 19. Kf1 Be2+ 20.
Bxe2 Qxg2+ 21. Ke1 Qg1+ 22. Qxg1 Rde8 23. Nb6+ Kd8 24. Nxd7 Kxd7 25. Qb6
Rxe4 26. Qc7+ Ke6 27. Qe7+ Kf5 28. Qxf7+ Kg5 29. Kf2 Rh6 30. Rg1+ Kh4 31.
Kf1 Ra4 32. Bf2+ Kh3 33. Qf5+ Kh2 34. Rg2+ {Black resigns} 1-0